Nordiques vs Avalanche
Created - November 30, 2017 at 19:09
Goals
|
| Nordiques |
0 |
2 |
3 |
5 |
| Avalanche |
0 |
1 |
1 |
2 |
|
Shots
|
| Nordiques |
7 |
14 |
16 |
37 |
| Avalanche |
10 |
12 |
12 |
34 |
|
1st period
No Goal
Penalties :
Dustin Byfuglien (Que) for Hooking (Minor) at 1:18, Jack Johnson (Col) for Slashing (Double Minor) at 14:45
2nd period
1. Nordiques , Jean-Pierre Dumont 4 (Ryan Ellis 10, Kyle Calder 5) at 6:42
2. Nordiques , Chris Drury 5 (Ryan Ellis 11) at 10:02 (PP)
3. Avalanche , Ryan Smyth 4 (David Krejci 4) at 16:05
Penalties :
Andrew Ladd (Col) for Holding (Minor) at 8:20
3rd period
4. Nordiques , R.J. Umberger 8 (Vladimir Tarasenko 11, Daniel Briere 23) at 6:15
5. Nordiques , Chris Drury 6 (Marek Svatos 8, Matt Moulson 7) at 6:49
6. Avalanche , Alexander Radulov 2 (Andrew Ladd 4, Paul Stastny 11) at 12:51
7. Nordiques , Daniel Briere 10 (Ryan Ellis 12, R.J. Umberger 12) at 19:19 (PP)
Penalties :
Paul Stastny (Col) for Roughing (Minor) at 19:07
Goalie Stats
Tyler Weiman (Que), 32 saves from 34 shots - (0.941), W, 2-5-1, 60:00 minutes
Semyon Varlamov (Col), 32 saves from 37 shots - (0.865), L, 12-5-3, 60:00 minutes
Players Stats for Nordiques
Player Name G A P +/- PIM S H SB GA TA FO MP PP MP PK MP
------------------------------------------------------------------------------------
Chris Drury 2 0 2 1 0 4 2 1 0 0 6/14 17:27 2:25 0:49
Daniel Briere 1 1 2 1 0 4 2 1 1 0 17/38 22:13 2:57 0:54
Dmitry Kulikov 0 0 0 0 0 1 0 1 0 1 0/0 13:29 0:11 0:48
Dustin Byfuglien 0 0 0 0 2 0 1 1 1 0 0/0 19:49 2:36 0:00
Fedor Tyutin 0 0 0 1 0 2 0 2 0 1 0/0 27:10 3:17 1:11
Jean-Pierre Dumont 1 0 1 0 0 2 0 0 0 0 0/0 12:28 0:31 0:00
Kyle Calder 0 1 1 0 0 2 0 1 0 0 0/1 12:28 0:31 0:00
Marek Svatos 0 1 1 1 0 4 0 0 0 0 0/3 18:10 2:57 1:07
Mark Eaton 0 0 0 0 0 2 2 0 0 0 0/0 20:18 2:25 0:51
Matt Moulson 0 1 1 1 0 0 1 0 0 0 0/0 16:31 2:25 0:00
Michael Ryder 0 0 0 -1 0 1 0 0 0 0 0/0 7:43 0:00 0:00
Nikolai Kulemin 0 0 0 -1 0 0 0 0 1 0 0/0 7:43 0:00 0:00
Paul Gaustad 0 0 0 0 0 2 4 1 0 0 2/4 12:49 0:31 0:21
R.J. Umberger 1 1 2 1 0 3 1 1 0 0 2/3 21:12 2:57 0:00
Rich Peverley 0 0 0 -1 0 3 2 0 0 0 0/3 7:43 0:00 0:00
Ryan Ellis 0 3 3 1 0 1 0 1 1 1 0/0 27:08 3:17 1:08
T.J. Fast 0 0 0 0 0 1 0 0 0 0 0/0 12:12 0:00 0:00
Vladimir Tarasenko 0 1 1 1 0 5 0 1 1 0 0/2 21:27 2:25 0:47
Players Stats for Avalanche
Player Name G A P +/- PIM S H SB GA TA FO MP PP MP PK MP
------------------------------------------------------------------------------------
Alexander Radulov 1 0 1 -1 0 3 2 1 0 0 1/2 14:06 0:55 0:00
Andrei Kostitsyn 0 0 0 0 0 5 1 0 0 1 0/0 15:05 0:55 1:45
Andrew Ladd 0 1 1 -1 2 0 3 2 0 0 3/5 15:42 0:00 1:58
Brandon Yip 0 0 0 0 0 2 2 2 0 0 0/1 13:34 0:00 1:11
Bryan Little 0 0 0 -1 0 7 0 0 0 0 18/31 19:08 1:04 0:00
Chuck Kobasew 0 0 0 1 0 0 0 2 0 0 0/1 11:09 0:00 2:57
Corey Perry 0 0 0 -1 0 3 1 0 0 0 1/1 19:08 1:04 0:00
Cory Emmerton 0 0 0 0 0 1 2 0 1 0 9/12 14:20 0:00 1:57
David Krejci 0 1 1 1 0 0 0 0 0 0 1/3 8:59 0:00 0:47
Jack Johnson 0 0 0 0 4 1 0 2 0 1 0/0 20:49 1:11 1:08
Jay Bouwmeester 0 0 0 1 0 1 1 1 0 0 0/0 21:50 0:48 2:31
Johnny Boychuk 0 0 0 -2 0 0 1 1 0 0 0/0 15:45 0:00 0:13
Marc Staal 0 0 0 1 0 2 0 1 1 1 0/0 22:42 1:11 3:22
Matt Lashoff 0 0 0 -2 0 0 1 3 0 2 0/0 17:22 0:00 1:58
Mikkel Boedker 0 0 0 -1 0 7 0 0 0 0 1/2 19:08 1:04 0:00
Paul Stastny 0 1 1 -1 2 1 2 0 0 0 7/10 14:05 0:55 0:00
Pernell Karl Subban 0 0 0 0 0 0 1 0 1 0 0/0 21:49 0:48 2:34
Ryan Smyth 1 0 1 1 0 1 2 0 0 0 0/0 9:23 0:00 1:11
3 Stars
1 - Chris Drury (Que)
2 - Daniel Briere (Que)
3 - R.J. Umberger (Que)
Power Play
Nordiques - 2 on 4 Attempt(s) - 50.00%
Avalanche - 0 on 1 Attempt(s) - 0.00%
Penalty Kill
Nordiques - 1 on 1 Attempt(s) - 100.00%
- Score 0 goal in Penalty Kill
Avalanche - 2 on 4 Attempt(s) - 50.00%
- Score 0 goal in Penalty Kill
Team Stat
Nordiques - Hits : 15 - Faceoff Wins : 27 - Blocked Shots : 11 - Penalty Minutes : 2
Avalanche - Hits : 19 - Faceoff Wins : 41 - Blocked Shots : 15 - Penalty Minutes : 8
Official
Referees : Devorski Paul and StPierre Justin
Linesman : Thor Nelson and Don Henderson
Game Notes
No Game Note
Finance
Level 1 -- Attendance: 6000 (100.00%) -- Ticket Income $534,000
Level 2 -- Attendance: 5000 (100.00%) -- Ticket Income $275,000
Level 3 -- Attendance: 2000 (100.00%) -- Ticket Income $66,000
Level 4 -- Attendance: 4000 (100.00%) -- Ticket Income $92,000
Luxury Box -- Attendance: 792 (79.20%) -- Ticket Income $136,224
Game was played at the Pepsi Center.
Total Attendance: 17792 (98.84%)
Total Ticket Income: $1,103,224
Other Income: $165,484
Total Income: $1,268,708
Nordiques
5 vs 5 Forward
Center Left Wing Right Wing Time % Phy DF OF
1 Daniel Briere R.J. Umberger Vladimir Tarasenko 40 0 2 3
2 Chris Drury Matt Moulson Marek Svatos 30 0 2 3
3 Paul Gaustad Kyle Calder Jean-Pierre Dumont 20 0 3 2
4 Rich Peverley Nikolai Kulemin Michael Ryder 10 0 2 3
5 vs 5 Defense
Defense Defense Time % Phy DF OF
1 Fedor Tyutin Ryan Ellis 40 0 4 1
2 Mark Eaton Dustin Byfuglien 30 0 4 1
3 T.J. Fast Dmitry Kulikov 20 0 4 1
4 Fedor Tyutin Ryan Ellis 10 0 4 1
PowerPlay Forward
Center Left Wing Right Wing Time % Phy DF OF
1 Daniel Briere R.J. Umberger Marek Svatos 60 0 0 5
2 Chris Drury Matt Moulson Vladimir Tarasenko 40 0 0 5
PowerPlay Defense
Defense Defense Time % Phy DF OF
1 Fedor Tyutin Ryan Ellis 60 0 2 3
2 Mark Eaton Dustin Byfuglien 40 0 2 3
Penalty Kill 4 Players Forward
Center Wing Time % Phy DF OF
1 Marek Svatos Daniel Briere 60 0 3 2
2 Chris Drury Vladimir Tarasenko 40 0 3 2
Penalty Kill 4 Players Defense
Defense Defense Time % Phy DF OF
1 Fedor Tyutin Ryan Ellis 60 0 5 0
2 Mark Eaton Dustin Byfuglien 40 0 5 0
Penalty Kill - 3 Players Forward
Forward Time % Phy DF OF
1 Marek Svatos 60 0 4 1
2 Daniel Briere 40 0 4 1
Penalty Kill - 3 Players Defense
Defense Defense Time % Phy DF OF
1 Fedor Tyutin Ryan Ellis 60 0 5 0
2 Mark Eaton Dustin Byfuglien 40 0 5 0
4 vs 4 Forward
Center Wing Time % Phy DF OF
1 Marek Svatos Daniel Briere 60 0 2 3
2 Chris Drury Vladimir Tarasenko 40 0 1 4
4 vs 4 Defense
Defense Defense Time % Phy DF OF
1 Fedor Tyutin Ryan Ellis 60 0 3 2
2 Mark Eaton Dustin Byfuglien 40 0 3 2
Last Minutes Offensive
Center Left Wing Right Wing Defense Defense
Daniel Briere R.J. Umberger Marek Svatos Fedor Tyutin Ryan Ellis
Last Minutes Defensive
Center Left Wing Right Wing Defense Defense
Daniel Briere R.J. Umberger Marek Svatos Mark Eaton T.J. Fast
Goaltenders
Starting : Tyler Weiman
Backup : Julien Ellis
Extra Forwards
Normal : Jean-Pierre Dumont, Vladimir Tarasenko, Chris Drury - PP : Vladimir Tarasenko, Daniel Briere - PK : Paul Gaustad
Extra Defensemen
Normal : Dustin Byfuglien, Dmitry Kulikov, Ryan Ellis - PP : Dustin Byfuglien - PK : Ryan Ellis, Mark Eaton
Penalty Shots
Marek Svatos, Daniel Briere, Chris Drury, Vladimir Tarasenko, R.J. Umberger
Scratches
Bruno Gervais (Healthy), Milan Bartovic (Healthy), Tim Crowder (Healthy)
Avalanche
5 vs 5 Forward
Center Left Wing Right Wing Time % Phy DF OF
1 Bryan Little Mikkel Boedker Corey Perry 35 1 2 2
2 Cory Emmerton Andrei Kostitsyn Brandon Yip 25 1 2 2
3 Paul Stastny Andrew Ladd Alexander Radulov 25 1 2 2
4 David Krejci Ryan Smyth Chuck Kobasew 15 1 2 2
5 vs 5 Defense
Defense Defense Time % Phy DF OF
1 Jack Johnson Pernell Karl Subban 35 1 2 2
2 Marc Staal Jay Bouwmeester 35 1 2 2
3 Johnny Boychuk Matt Lashoff 30 1 2 2
4 Jack Johnson Marc Staal 0 1 2 2
PowerPlay Forward
Center Left Wing Right Wing Time % Phy DF OF
1 Bryan Little Mikkel Boedker Corey Perry 60 1 2 2
2 Paul Stastny Andrei Kostitsyn Alexander Radulov 40 1 2 2
PowerPlay Defense
Defense Defense Time % Phy DF OF
1 Jack Johnson Marc Staal 60 1 2 2
2 Pernell Karl Subban Jay Bouwmeester 40 1 2 2
Penalty Kill 4 Players Forward
Center Wing Time % Phy DF OF
1 Andrew Ladd Chuck Kobasew 60 1 2 2
2 Brandon Yip Ryan Smyth 40 1 2 2
Penalty Kill 4 Players Defense
Defense Defense Time % Phy DF OF
1 Jack Johnson Marc Staal 60 1 2 2
2 Pernell Karl Subban Jay Bouwmeester 40 1 2 2
Penalty Kill - 3 Players Forward
Forward Time % Phy DF OF
1 Bryan Little 60 1 2 2
2 Mikkel Boedker 40 1 2 2
Penalty Kill - 3 Players Defense
Defense Defense Time % Phy DF OF
1 Jack Johnson Marc Staal 60 1 2 2
2 Pernell Karl Subban Jay Bouwmeester 40 1 2 2
4 vs 4 Forward
Center Wing Time % Phy DF OF
1 Bryan Little Mikkel Boedker 60 1 2 2
2 Corey Perry Andrei Kostitsyn 40 1 2 2
4 vs 4 Defense
Defense Defense Time % Phy DF OF
1 Jack Johnson Marc Staal 60 1 2 2
2 Pernell Karl Subban Jay Bouwmeester 40 1 2 2
Last Minutes Offensive
Center Left Wing Right Wing Defense Defense
Bryan Little Mikkel Boedker Corey Perry Jack Johnson Jay Bouwmeester
Last Minutes Defensive
Center Left Wing Right Wing Defense Defense
Bryan Little Andrew Ladd Chuck Kobasew Marc Staal Pernell Karl Subban
Goaltenders
Starting : Semyon Varlamov
Backup : Dan Ellis
Extra Forwards
Normal : Andrew Ladd, Alexander Radulov, Cory Emmerton - PP : Andrew Ladd, Alexander Radulov - PK : Cory Emmerton
Extra Defensemen
Normal : Johnny Boychuk, Matt Lashoff, Pernell Karl Subban - PP : Johnny Boychuk - PK : Matt Lashoff, Pernell Karl Subban
Penalty Shots
Bryan Little, Mikkel Boedker, Corey Perry, Andrei Kostitsyn, Paul Stastny
Scratches
Mark Giordano (Sports Hernia Injury)
% Time on Ice - Nordiques
Lines # - Real PCT - Wanted PCT - Time Play
Normal Forward
1 - 36% - 40% - 18:37
2 - 27% - 30% - 14:06
3 - 22% - 20% - 11:42
4 - 15% - 10% - 7:43
Normal Defense
1 - 39% - 40% - 20:22
2 - 33% - 30% - 17:20
3 - 23% - 20% - 12:12
4 - 4% - 10% - 2:14
PP Forward
1 - 59% - 60% - 3:28
2 - 41% - 40% - 2:25
PP Defense
1 - 56% - 60% - 3:17
2 - 44% - 40% - 2:36
PK Forward
1 - 61% - 60% - 1:12
2 - 39% - 40% - 0:47
PK Defense
1 - 45% - 60% - 0:53
2 - 55% - 40% - 1:06
PK3 Forward
1 - 0% - 60%
2 - 0% - 40%
PK3 Defense
1 - 0% - 60%
2 - 0% - 40%
44 Forward
1 - 0% - 60%
2 - 0% - 40%
44 Defense
1 - 0% - 60%
2 - 0% - 40%
Last Minute Offensive - 0:00
Last Minute Defensive - 0:00
Total
Forward - 60:00
Defense - 60:00
|
% Time on Ice - Avalanche
Lines # - Real PCT - Wanted PCT - Time Play
Normal Forward
1 - 35% - 35% - 18:22
2 - 24% - 25% - 12:27
3 - 25% - 25% - 13:07
4 - 16% - 15% - 8:12
Normal Defense
1 - 35% - 35% - 18:21
2 - 35% - 35% - 18:23
3 - 30% - 30% - 15:24
4 - 0% - 0% - 0:00
PP Forward
1 - 54% - 60% - 1:04
2 - 46% - 40% - 0:55
PP Defense
1 - 60% - 60% - 1:11
2 - 40% - 40% - 0:48
PK Forward
1 - 80% - 60% - 4:42
2 - 20% - 40% - 1:11
PK Defense
1 - 65% - 60% - 3:51
2 - 35% - 40% - 2:02
PK3 Forward
1 - 0% - 60%
2 - 0% - 40%
PK3 Defense
1 - 0% - 60%
2 - 0% - 40%
44 Forward
1 - 0% - 60%
2 - 0% - 40%
44 Defense
1 - 0% - 60%
2 - 0% - 40%
Last Minute Offensive - 0:00
Last Minute Defensive - 0:00
Total
Forward - 60:00
Defense - 60:00
|
Play by Play
1st period
0:01 of 1st period - Bryan Little wins face-off versus Daniel Briere in neutral zone.
0:08 of 1st period - Wrist shot by Bryan Little.
0:08 of 1st period - Shot Misses the Net.
0:28 of 1st period - Slapshot by Fedor Tyutin.
0:28 of 1st period - Stopped by Semyon Varlamov with a rebound.
0:30 of 1st period - Wrist shot by Fedor Tyutin.
0:30 of 1st period - Deflect By Marek Svatos.
0:30 of 1st period - Shot Misses the Net.
0:30 of 1st period - Puck is out of play.
0:31 of 1st period - Paul Stastny wins face-off versus Chris Drury in Avalanche zone.
0:40 of 1st period - Snap shot by Paul Stastny.
0:40 of 1st period - Shot Misses the Net.
0:42 of 1st period - Slapshot by Marc Staal.
0:42 of 1st period - Shot Blocked by Chris Drury.
0:44 of 1st period - Slapshot by Marc Staal.
0:44 of 1st period - Stopped by Tyler Weiman without a rebound.
0:45 of 1st period - Paul Gaustad wins face-off versus David Krejci in Nordiques zone.
0:56 of 1st period - Snap shot by Paul Gaustad.
0:56 of 1st period - Shot Misses the Net.
1:14 of 1st period - Icing by Mark Eaton.
1:15 of 1st period - Cory Emmerton wins face-off versus Rich Peverley in Nordiques zone.
1:16 of 1st period - Snap shot by Andrei Kostitsyn.
1:16 of 1st period - Stopped by Tyler Weiman with a rebound.
1:18 of 1st period - Minor Penalty to Dustin Byfuglien for Hooking.
1:19 of 1st period - Bryan Little wins face-off versus Marek Svatos in Nordiques zone.
1:20 of 1st period - Wrist shot by Mikkel Boedker.
1:20 of 1st period - Stopped by Tyler Weiman with a rebound.
1:54 of 1st period - Wrist shot by Alexander Radulov.
1:54 of 1st period - Shot Blocked by Fedor Tyutin.
1:56 of 1st period - Slapshot by Jack Johnson.
1:56 of 1st period - Stopped by Tyler Weiman with a rebound.
2:51 of 1st period - Corey Perry is hit by Paul Gaustad and loses puck.
3:18 of 1st period - Penalty to Dustin Byfuglien is over, Dustin Byfuglien is back on ice.
3:47 of 1st period - Andrew Ladd is hit by Mark Eaton and loses puck.
4:55 of 1st period - Paul Gaustad is hit by Andrew Ladd and loses puck.
5:18 of 1st period - Snap shot by Daniel Briere.
5:18 of 1st period - Shot Blocked by Matt Lashoff.
5:55 of 1st period - Snap shot by Rich Peverley.
5:55 of 1st period - Stopped by Semyon Varlamov with a rebound.
6:09 of 1st period - Slapshot by T.J. Fast.
6:09 of 1st period - Stopped by Semyon Varlamov with a rebound.
6:21 of 1st period - Ryan Ellis is hit by Ryan Smyth.
6:27 of 1st period - Marc Staal is hit by Paul Gaustad and loses puck.
6:42 of 1st period - Wrist shot by Marek Svatos.
6:42 of 1st period - Stopped by Semyon Varlamov with a rebound.
7:21 of 1st period - Wrist shot by Paul Stastny.
7:21 of 1st period - Shot Misses the Net.
7:47 of 1st period - Icing by Dmitry Kulikov.
7:48 of 1st period - Chris Drury wins face-off versus Paul Stastny in Nordiques zone.
7:53 of 1st period - Andrew Ladd is hit by Matt Moulson and loses puck.
8:03 of 1st period - Off-side.
8:04 of 1st period - Daniel Briere wins face-off versus Bryan Little in neutral zone.
8:11 of 1st period - Backhand shot by Daniel Briere.
8:11 of 1st period - Shot Blocked by Jack Johnson.
8:21 of 1st period - Snap shot by Bryan Little.
8:21 of 1st period - Stopped by Tyler Weiman without a rebound.
8:22 of 1st period - Paul Stastny wins face-off versus Chris Drury in Nordiques zone.
9:39 of 1st period - Slapshot by Alexander Radulov.
9:39 of 1st period - Deflect By Paul Stastny.
9:39 of 1st period - Shot Misses the Net.
9:39 of 1st period - Puck is out of play.
9:40 of 1st period - Bryan Little wins face-off versus Daniel Briere in Nordiques zone.
9:43 of 1st period - Snap shot by Mikkel Boedker.
9:43 of 1st period - Stopped by Tyler Weiman without a rebound.
9:44 of 1st period - Daniel Briere wins face-off versus Bryan Little in Nordiques zone.
9:57 of 1st period - Slapshot by Fedor Tyutin.
9:57 of 1st period - Deflect By Vladimir Tarasenko.
9:57 of 1st period - Shot Misses the Net.
9:57 of 1st period - Puck is out of play.
9:58 of 1st period - Bryan Little wins face-off versus Daniel Briere in Avalanche zone.
10:29 of 1st period - Mark Eaton is hit by Brandon Yip and loses puck.
10:38 of 1st period - Paul Gaustad is hit by Brandon Yip and loses puck.
10:49 of 1st period - Brandon Yip is hit by Paul Gaustad and loses puck.
11:18 of 1st period - Nikolai Kulemin is hit by Corey Perry and loses puck.
12:01 of 1st period - Icing by Ryan Ellis.
12:02 of 1st period - Paul Stastny wins face-off versus Daniel Briere in Nordiques zone.
12:52 of 1st period - Snap shot by Chris Drury.
12:52 of 1st period - Stopped by Semyon Varlamov without a rebound.
12:53 of 1st period - Cory Emmerton wins face-off versus Paul Gaustad in Avalanche zone.
13:08 of 1st period - Snap shot by Andrei Kostitsyn.
13:08 of 1st period - Stopped by Tyler Weiman without a rebound.
13:09 of 1st period - Daniel Briere wins face-off versus Bryan Little in Nordiques zone.
13:39 of 1st period - Paul Stastny is hit by Mark Eaton and loses puck.
14:04 of 1st period - Snap shot by Brandon Yip.
14:04 of 1st period - Shot Misses the Net.
14:06 of 1st period - Wrist shot by Andrei Kostitsyn.
14:06 of 1st period - Stopped by Tyler Weiman without a rebound.
14:07 of 1st period - Bryan Little wins face-off versus Daniel Briere in Nordiques zone.
14:33 of 1st period - Matt Lashoff is hit by Chris Drury and loses puck.
14:40 of 1st period - Snap shot by Marek Svatos.
14:40 of 1st period - Deflect By Matt Moulson.
14:40 of 1st period - Shot Blocked by Alexander Radulov.
14:40 of 1st period - Puck is out of play.
14:41 of 1st period - Chris Drury wins face-off versus Bryan Little in Avalanche zone.
14:42 of 1st period - Wrist shot by Marek Svatos.
14:42 of 1st period - Stopped by Semyon Varlamov without a rebound.
14:43 of 1st period - Bryan Little wins face-off versus Chris Drury in Avalanche zone.
14:45 of 1st period - Double Minor Penalty to Jack Johnson for Slashing.
14:46 of 1st period - R.J. Umberger wins face-off versus Andrew Ladd in Avalanche zone.
14:48 of 1st period - Slapshot by Ryan Ellis.
14:48 of 1st period - Stopped by Semyon Varlamov with a rebound.
14:50 of 1st period - Backhand shot by Fedor Tyutin.
14:50 of 1st period - Deflect By Daniel Briere.
14:50 of 1st period - Shot Misses the Net.
14:50 of 1st period - Puck is out of play.
14:51 of 1st period - Daniel Briere wins face-off versus Chuck Kobasew in Avalanche zone.
15:00 of 1st period - Snap shot by Marek Svatos.
15:00 of 1st period - Shot Blocked by Marc Staal.
15:02 of 1st period - Slapshot by Fedor Tyutin.
15:02 of 1st period - Shot Blocked by Andrew Ladd.
16:54 of 1st period - Slapshot by Brandon Yip.
16:54 of 1st period - Stopped by Tyler Weiman without a rebound.
16:55 of 1st period - Paul Gaustad wins face-off versus Brandon Yip in Nordiques zone.
16:55 of 1st period - Paul Gaustad is hit by Johnny Boychuk.
18:45 of 1st period - Penalty to Jack Johnson is over, Jack Johnson is back on ice.
19:11 of 1st period - Dmitry Kulikov is hit by Matt Lashoff and loses puck.
19:20 of 1st period - Snap shot by Mikkel Boedker.
19:20 of 1st period - Stopped by Tyler Weiman with a rebound.
Goals for this period are 0 for Nordiques vs 0 for Avalanche.
Shots for this period are 7 for Nordiques vs 10 for Avalanche.
2nd period
0:01 of 2nd period - Daniel Briere wins face-off versus Bryan Little in neutral zone.
0:04 of 2nd period - Bryan Little is hit by Daniel Briere and loses puck.
0:27 of 2nd period - Fedor Tyutin is hit by Andrew Ladd.
0:49 of 2nd period - Kyle Calder is hit by Cory Emmerton and loses puck.
1:08 of 2nd period - Slapshot by Bryan Little.
1:08 of 2nd period - Stopped by Tyler Weiman without a rebound.
1:09 of 2nd period - Bryan Little wins face-off versus Daniel Briere in Nordiques zone.
1:22 of 2nd period - Wrist shot by Bryan Little.
1:22 of 2nd period - Shot Misses the Net.
1:24 of 2nd period - Snap shot by Corey Perry.
1:24 of 2nd period - Stopped by Tyler Weiman without a rebound.
1:25 of 2nd period - Paul Stastny wins face-off versus Chris Drury in Nordiques zone.
1:28 of 2nd period - Wrist shot by Paul Stastny.
1:28 of 2nd period - Shot Misses the Net.
1:42 of 2nd period - Wrist shot by Marek Svatos.
1:42 of 2nd period - Deflect By Matt Lashoff.
1:42 of 2nd period - Shot Misses the Net.
1:42 of 2nd period - Puck is out of play.
1:43 of 2nd period - Bryan Little wins face-off versus Daniel Briere in Avalanche zone.
1:50 of 2nd period - Wrist shot by Vladimir Tarasenko.
1:50 of 2nd period - Shot Misses the Net.
1:52 of 2nd period - Wrist shot by Vladimir Tarasenko.
1:52 of 2nd period - Stopped by Semyon Varlamov without a rebound.
1:53 of 2nd period - Bryan Little wins face-off versus Daniel Briere in Avalanche zone.
2:11 of 2nd period - Off-side.
2:12 of 2nd period - Cory Emmerton wins face-off versus Marek Svatos in neutral zone.
2:15 of 2nd period - Snap shot by Marc Staal.
2:15 of 2nd period - Deflect By Cory Emmerton.
2:15 of 2nd period - Stopped by Tyler Weiman without a rebound.
2:16 of 2nd period - Cory Emmerton wins face-off versus Chris Drury in Nordiques zone.
2:19 of 2nd period - Wrist shot by Cory Emmerton.
2:19 of 2nd period - Shot Misses the Net.
2:21 of 2nd period - Slapshot by Jay Bouwmeester.
2:21 of 2nd period - Stopped by Tyler Weiman without a rebound.
2:22 of 2nd period - Cory Emmerton wins face-off versus Marek Svatos in Nordiques zone.
3:22 of 2nd period - Slapshot by Marek Svatos.
3:22 of 2nd period - Shot Misses the Net.
3:36 of 2nd period - Slapshot by Andrei Kostitsyn.
3:36 of 2nd period - Stopped by Tyler Weiman without a rebound.
3:37 of 2nd period - Corey Perry wins face-off versus Daniel Briere in Nordiques zone.
3:50 of 2nd period - Snap shot by Corey Perry.
3:50 of 2nd period - Deflect By Mikkel Boedker.
3:50 of 2nd period - Stopped by Tyler Weiman with a rebound.
3:52 of 2nd period - Slapshot by Corey Perry.
3:52 of 2nd period - Shot Blocked by Daniel Briere.
4:09 of 2nd period - Snap shot by Andrew Ladd.
4:09 of 2nd period - Shot Hit the Post.
4:27 of 2nd period - Ryan Smyth is hit by Rich Peverley and loses puck.
5:07 of 2nd period - Snap shot by Paul Gaustad.
5:07 of 2nd period - Shot Misses the Net.
6:38 of 2nd period - Snap shot by Kyle Calder.
6:38 of 2nd period - Stopped by Semyon Varlamov with a rebound.
6:40 of 2nd period - Slapshot by Kyle Calder.
6:40 of 2nd period - Stopped by Semyon Varlamov with a rebound.
6:42 of 2nd period - Slapshot by Ryan Ellis.
6:42 of 2nd period - Deflect By Jean-Pierre Dumont.
6:42 of 2nd period - Goal by Jean-Pierre Dumont - Nordiques : 1 - Avalanche : 0.
6:43 of 2nd period - Bryan Little wins face-off versus Daniel Briere in neutral zone.
6:58 of 2nd period - Snap shot by Corey Perry.
6:58 of 2nd period - Stopped by Tyler Weiman without a rebound.
6:59 of 2nd period - Chris Drury wins face-off versus Andrew Ladd in Nordiques zone.
7:04 of 2nd period - Slapshot by Ryan Ellis.
7:04 of 2nd period - Deflect By Marek Svatos.
7:04 of 2nd period - Stopped by Semyon Varlamov with a rebound.
7:49 of 2nd period - Wrist shot by Andrei Kostitsyn.
7:49 of 2nd period - Stopped by Tyler Weiman with a rebound.
8:13 of 2nd period - Snap shot by Rich Peverley.
8:13 of 2nd period - Deflect By Michael Ryder.
8:13 of 2nd period - Shot Blocked by Chuck Kobasew.
8:13 of 2nd period - Puck is out of play.
8:14 of 2nd period - R.J. Umberger wins face-off versus Paul Stastny in Avalanche zone.
8:20 of 2nd period - Minor Penalty to Andrew Ladd for Holding.
8:21 of 2nd period - Cory Emmerton wins face-off versus Daniel Briere in Avalanche zone.
9:25 of 2nd period - Andrei Kostitsyn is hit by Dustin Byfuglien and loses puck.
9:47 of 2nd period - Icing by Mark Eaton.
9:48 of 2nd period - David Krejci wins face-off versus R.J. Umberger in Nordiques zone.
9:56 of 2nd period - Off-side.
9:57 of 2nd period - Chris Drury wins face-off versus Cory Emmerton in neutral zone.
10:02 of 2nd period - Wrist shot by Chris Drury.
10:02 of 2nd period - Goal by Chris Drury - Nordiques : 2 - Avalanche : 0.
10:03 of 2nd period - Daniel Briere wins face-off versus Bryan Little in neutral zone.
10:12 of 2nd period - Slapshot by Daniel Briere.
10:12 of 2nd period - Deflect By Vladimir Tarasenko.
10:12 of 2nd period - Shot Misses the Net.
10:12 of 2nd period - Puck is out of play.
10:13 of 2nd period - Daniel Briere wins face-off versus Mikkel Boedker in Avalanche zone.
10:42 of 2nd period - Snap shot by Vladimir Tarasenko.
10:42 of 2nd period - Stopped by Semyon Varlamov with a rebound.
11:08 of 2nd period - Snap shot by R.J. Umberger.
11:08 of 2nd period - Stopped by Semyon Varlamov with a rebound.
11:10 of 2nd period - Snap shot by Daniel Briere.
11:10 of 2nd period - Stopped by Semyon Varlamov with a rebound.
11:22 of 2nd period - Snap shot by Vladimir Tarasenko.
11:22 of 2nd period - Deflect By Mikkel Boedker.
11:22 of 2nd period - Shot Misses the Net.
11:22 of 2nd period - Puck is out of play.
11:23 of 2nd period - Andrew Ladd wins face-off versus Chris Drury in Avalanche zone.
11:28 of 2nd period - Marek Svatos is hit by Alexander Radulov and loses puck.
11:55 of 2nd period - Kyle Calder is hit by Andrei Kostitsyn and loses puck.
12:13 of 2nd period - Rich Peverley is hit by Jay Bouwmeester and loses puck.
12:20 of 2nd period - Slapshot by Michael Ryder.
12:20 of 2nd period - Shot Misses the Net.
12:22 of 2nd period - Slapshot by Mark Eaton.
12:22 of 2nd period - Stopped by Semyon Varlamov with a rebound.
12:48 of 2nd period - Snap shot by Jean-Pierre Dumont.
12:48 of 2nd period - Stopped by Semyon Varlamov with a rebound.
12:59 of 2nd period - Icing by Andrei Kostitsyn.
13:00 of 2nd period - Alexander Radulov wins face-off versus Rich Peverley in Avalanche zone.
13:20 of 2nd period - Icing by Alexander Radulov.
13:21 of 2nd period - Daniel Briere wins face-off versus Alexander Radulov in Avalanche zone.
13:26 of 2nd period - Snap shot by Daniel Briere.
13:26 of 2nd period - Shot Misses the Net.
13:32 of 2nd period - Slapshot by Jack Johnson.
13:32 of 2nd period - Deflect By Paul Stastny.
13:32 of 2nd period - Stopped by Tyler Weiman without a rebound.
13:33 of 2nd period - Bryan Little wins face-off versus Daniel Briere in Nordiques zone.
14:01 of 2nd period - Icing by Chris Drury.
14:02 of 2nd period - Chris Drury wins face-off versus Cory Emmerton in Nordiques zone.
14:33 of 2nd period - Snap shot by Vladimir Tarasenko.
14:33 of 2nd period - Shot Misses the Net.
14:35 of 2nd period - Wrist shot by Daniel Briere.
14:35 of 2nd period - Shot Blocked by Matt Lashoff.
14:37 of 2nd period - Snap shot by Daniel Briere.
14:37 of 2nd period - Stopped by Semyon Varlamov with a rebound.
14:59 of 2nd period - Paul Gaustad is hit by Paul Stastny and loses puck.
15:22 of 2nd period - Slapshot by Kyle Calder.
15:22 of 2nd period - Shot Misses the Net.
15:24 of 2nd period - Slapshot by Mark Eaton.
15:24 of 2nd period - Shot Blocked by Chuck Kobasew.
15:30 of 2nd period - Wrist shot by Kyle Calder.
15:30 of 2nd period - Shot Misses the Net.
15:32 of 2nd period - Slapshot by Kyle Calder.
15:32 of 2nd period - Shot Misses the Net.
15:34 of 2nd period - Snap shot by Paul Gaustad.
15:34 of 2nd period - Stopped by Semyon Varlamov with a rebound.
16:05 of 2nd period - Slapshot by Ryan Smyth.
16:05 of 2nd period - Goal by Ryan Smyth - Nordiques : 2 - Avalanche : 1.
16:06 of 2nd period - Bryan Little wins face-off versus Vladimir Tarasenko in neutral zone.
16:09 of 2nd period - Slapshot by Jack Johnson.
16:09 of 2nd period - Shot Misses the Net.
16:25 of 2nd period - Fedor Tyutin is hit by Pernell Karl Subban.
16:37 of 2nd period - Snap shot by Chris Drury.
16:37 of 2nd period - Shot Misses the Net.
17:37 of 2nd period - Slapshot by Mikkel Boedker.
17:37 of 2nd period - Shot Blocked by Ryan Ellis.
17:39 of 2nd period - Wrist shot by Bryan Little.
17:39 of 2nd period - Stopped by Tyler Weiman without a rebound.
17:40 of 2nd period - Cory Emmerton wins face-off versus Vladimir Tarasenko in Nordiques zone.
17:41 of 2nd period - Wrist shot by Andrei Kostitsyn.
17:41 of 2nd period - Shot Misses the Net.
18:12 of 2nd period - Icing by Marc Staal.
18:13 of 2nd period - Cory Emmerton wins face-off versus Chris Drury in Avalanche zone.
18:20 of 2nd period - Snap shot by Andrei Kostitsyn.
18:20 of 2nd period - Shot Blocked by Dustin Byfuglien.
18:44 of 2nd period - Slapshot by Bryan Little.
18:44 of 2nd period - Shot Misses the Net.
18:50 of 2nd period - Wrist shot by Jean-Pierre Dumont.
18:50 of 2nd period - Deflect By Kyle Calder.
18:50 of 2nd period - Shot Misses the Net.
18:50 of 2nd period - Puck is out of play.
18:51 of 2nd period - Daniel Briere wins face-off versus Bryan Little in Avalanche zone.
18:52 of 2nd period - Snap shot by Vladimir Tarasenko.
18:52 of 2nd period - Stopped by Semyon Varlamov without a rebound.
18:53 of 2nd period - Bryan Little wins face-off versus Daniel Briere in Avalanche zone.
19:04 of 2nd period - Snap shot by Mikkel Boedker.
19:04 of 2nd period - Stopped by Tyler Weiman with a rebound.
19:18 of 2nd period - Dmitry Kulikov is hit by Andrew Ladd and loses puck.
Goals for this period are 2 for Nordiques vs 1 for Avalanche.
Shots for this period are 14 for Nordiques vs 12 for Avalanche.
3rd period
0:01 of 3rd period - Daniel Briere wins face-off versus Bryan Little in neutral zone.
0:32 of 3rd period - Snap shot by Matt Moulson.
0:32 of 3rd period - Shot Blocked by Jack Johnson.
0:34 of 3rd period - Wrist shot by Marek Svatos.
0:34 of 3rd period - Stopped by Semyon Varlamov with a rebound.
0:36 of 3rd period - Snap shot by Matt Moulson.
0:36 of 3rd period - Shot Misses the Net.
1:00 of 3rd period - Ryan Smyth is hit by Chris Drury and loses puck.
2:04 of 3rd period - Rich Peverley is hit by Paul Stastny and loses puck.
2:42 of 3rd period - Corey Perry is hit by Paul Gaustad and loses puck.
2:53 of 3rd period - Slapshot by Bryan Little.
2:53 of 3rd period - Shot Misses the Net.
3:24 of 3rd period - Alexander Radulov is hit by Rich Peverley and loses puck.
3:46 of 3rd period - Marek Svatos is hit by Ryan Smyth and loses puck.
4:06 of 3rd period - Off-side.
4:07 of 3rd period - Bryan Little wins face-off versus Paul Gaustad in neutral zone.
4:39 of 3rd period - Snap shot by Andrei Kostitsyn.
4:39 of 3rd period - Shot Misses the Net.
4:41 of 3rd period - Slapshot by Marc Staal.
4:41 of 3rd period - Deflect By Dustin Byfuglien.
4:41 of 3rd period - Stopped by Tyler Weiman with a rebound.
4:43 of 3rd period - Slapshot by Jay Bouwmeester.
4:43 of 3rd period - Shot Blocked by Kyle Calder.
4:45 of 3rd period - Snap shot by Andrei Kostitsyn.
4:45 of 3rd period - Shot Blocked by Paul Gaustad.
6:03 of 3rd period - Snap shot by R.J. Umberger.
6:03 of 3rd period - Stopped by Semyon Varlamov without a rebound.
6:04 of 3rd period - Paul Stastny wins face-off versus Daniel Briere in Avalanche zone.
6:15 of 3rd period - Snap shot by Vladimir Tarasenko.
6:15 of 3rd period - Deflect By R.J. Umberger.
6:15 of 3rd period - Goal by R.J. Umberger - Nordiques : 3 - Avalanche : 1.
6:16 of 3rd period - Bryan Little wins face-off versus Daniel Briere in neutral zone.
6:29 of 3rd period - Snap shot by Mikkel Boedker.
6:29 of 3rd period - Shot Blocked by Dmitry Kulikov.
6:31 of 3rd period - Wrist shot by Bryan Little.
6:31 of 3rd period - Stopped by Tyler Weiman with a rebound.
6:33 of 3rd period - Slapshot by Bryan Little.
6:33 of 3rd period - Stopped by Tyler Weiman with a rebound.
6:47 of 3rd period - Wrist shot by Marek Svatos.
6:47 of 3rd period - Shot Misses the Net.
6:49 of 3rd period - Snap shot by Chris Drury.
6:49 of 3rd period - Goal by Chris Drury - Nordiques : 4 - Avalanche : 1.
6:50 of 3rd period - Daniel Briere wins face-off versus Bryan Little in neutral zone.
7:43 of 3rd period - Snap shot by Jean-Pierre Dumont.
7:43 of 3rd period - Shot Blocked by Brandon Yip.
7:45 of 3rd period - Snap shot by Ryan Ellis.
7:45 of 3rd period - Shot Blocked by Jay Bouwmeester.
7:47 of 3rd period - Slapshot by Paul Gaustad.
7:47 of 3rd period - Shot Misses the Net.
7:49 of 3rd period - Snap shot by Paul Gaustad.
7:49 of 3rd period - Shot Misses the Net.
8:30 of 3rd period - Wrist shot by Corey Perry.
8:30 of 3rd period - Shot Misses the Net.
8:32 of 3rd period - Snap shot by Mikkel Boedker.
8:32 of 3rd period - Deflect By Corey Perry.
8:32 of 3rd period - Shot Misses the Net.
8:32 of 3rd period - Puck is out of play.
8:33 of 3rd period - Paul Stastny wins face-off versus Chris Drury in Nordiques zone.
8:42 of 3rd period - Snap shot by Marek Svatos.
8:42 of 3rd period - Shot Misses the Net.
8:44 of 3rd period - Slapshot by Dmitry Kulikov.
8:44 of 3rd period - Stopped by Semyon Varlamov without a rebound.
8:45 of 3rd period - Daniel Briere wins face-off versus Bryan Little in Avalanche zone.
9:12 of 3rd period - Slapshot by Brandon Yip.
9:12 of 3rd period - Stopped by Tyler Weiman with a rebound.
9:18 of 3rd period - Wrist shot by Vladimir Tarasenko.
9:18 of 3rd period - Shot Blocked by Matt Lashoff.
9:22 of 3rd period - Snap shot by R.J. Umberger.
9:22 of 3rd period - Deflect By Daniel Briere.
9:22 of 3rd period - Stopped by Semyon Varlamov with a rebound.
9:26 of 3rd period - Snap shot by Vladimir Tarasenko.
9:26 of 3rd period - Stopped by Semyon Varlamov with a rebound.
9:28 of 3rd period - Snap shot by Daniel Briere.
9:28 of 3rd period - Shot Blocked by Brandon Yip.
9:30 of 3rd period - Snap shot by Daniel Briere.
9:30 of 3rd period - Shot Misses the Net.
9:32 of 3rd period - Slapshot by Mark Eaton.
9:32 of 3rd period - Stopped by Semyon Varlamov without a rebound.
9:33 of 3rd period - Chris Drury wins face-off versus Bryan Little in Avalanche zone.
9:47 of 3rd period - Slapshot by Mikkel Boedker.
9:47 of 3rd period - Stopped by Tyler Weiman with a rebound.
10:23 of 3rd period - Snap shot by Michael Ryder.
10:23 of 3rd period - Stopped by Semyon Varlamov with a rebound.
10:55 of 3rd period - Slapshot by Pernell Karl Subban.
10:55 of 3rd period - Shot Misses the Net.
10:57 of 3rd period - Snap shot by Ryan Smyth.
10:57 of 3rd period - Shot Blocked by R.J. Umberger.
11:30 of 3rd period - Wrist shot by Alexander Radulov.
11:30 of 3rd period - Stopped by Tyler Weiman without a rebound.
11:31 of 3rd period - Andrew Ladd wins face-off versus Rich Peverley in Nordiques zone.
11:46 of 3rd period - Snap shot by Ryan Ellis.
11:46 of 3rd period - Shot Blocked by Andrew Ladd.
11:48 of 3rd period - Slapshot by Rich Peverley.
11:48 of 3rd period - Stopped by Semyon Varlamov with a rebound.
11:50 of 3rd period - Slapshot by Nikolai Kulemin.
11:50 of 3rd period - Deflect By Rich Peverley.
11:50 of 3rd period - Stopped by Semyon Varlamov without a rebound.
11:51 of 3rd period - Daniel Briere wins face-off versus Bryan Little in Avalanche zone.
12:00 of 3rd period - Snap shot by Corey Perry.
12:00 of 3rd period - Shot Misses the Net.
12:18 of 3rd period - Fedor Tyutin is hit by Cory Emmerton and loses puck.
12:47 of 3rd period - Backhand shot by Andrew Ladd.
12:47 of 3rd period - Shot Misses the Net.
12:49 of 3rd period - Snap shot by Alexander Radulov.
12:49 of 3rd period - Stopped by Tyler Weiman with a rebound.
12:51 of 3rd period - Snap shot by Alexander Radulov.
12:51 of 3rd period - Goal by Alexander Radulov - Nordiques : 4 - Avalanche : 2.
12:52 of 3rd period - Bryan Little wins face-off versus Daniel Briere in neutral zone.
13:01 of 3rd period - Wrist shot by Bryan Little.
13:01 of 3rd period - Shot Blocked by Vladimir Tarasenko.
13:07 of 3rd period - Marc Staal is hit by R.J. Umberger and loses puck.
13:27 of 3rd period - Icing by Jack Johnson.
13:28 of 3rd period - Daniel Briere wins face-off versus Bryan Little in Avalanche zone.
14:18 of 3rd period - Wrist shot by Bryan Little.
14:18 of 3rd period - Stopped by Tyler Weiman with a rebound.
14:21 of 3rd period - Icing by Mark Eaton.
14:22 of 3rd period - Paul Stastny wins face-off versus Kyle Calder in Nordiques zone.
14:37 of 3rd period - Snap shot by Paul Gaustad.
14:37 of 3rd period - Stopped by Semyon Varlamov without a rebound.
14:38 of 3rd period - Cory Emmerton wins face-off versus Daniel Briere in Avalanche zone.
15:14 of 3rd period - Wrist shot by Andrew Ladd.
15:14 of 3rd period - Shot Misses the Net.
15:52 of 3rd period - Johnny Boychuk is hit by Daniel Briere.
16:06 of 3rd period - Wrist shot by Nikolai Kulemin.
16:06 of 3rd period - Shot Misses the Net.
16:26 of 3rd period - Snap shot by Marek Svatos.
16:26 of 3rd period - Shot Blocked by Johnny Boychuk.
16:28 of 3rd period - Wrist shot by Marek Svatos.
16:28 of 3rd period - Shot Misses the Net.
17:49 of 3rd period - Off-side.
17:50 of 3rd period - Daniel Briere wins face-off versus David Krejci in neutral zone.
18:16 of 3rd period - Paul Gaustad is hit by Alexander Radulov and loses puck.
18:45 of 3rd period - Snap shot by Chris Drury.
18:45 of 3rd period - Stopped by Semyon Varlamov without a rebound.
18:46 of 3rd period - Daniel Briere wins face-off versus Paul Stastny in Avalanche zone.
18:55 of 3rd period - Wrist shot by Daniel Briere.
18:55 of 3rd period - Shot Misses the Net.
18:57 of 3rd period - Backhand shot by Fedor Tyutin.
18:57 of 3rd period - Stopped by Semyon Varlamov with a rebound.
18:59 of 3rd period - Snap shot by Vladimir Tarasenko.
18:59 of 3rd period - Stopped by Semyon Varlamov with a rebound.
19:07 of 3rd period - Minor Penalty to Paul Stastny for Roughing.
19:08 of 3rd period - Andrew Ladd wins face-off versus Daniel Briere in Avalanche zone.
19:19 of 3rd period - Snap shot by Daniel Briere.
19:19 of 3rd period - Goal by Daniel Briere - Nordiques : 5 - Avalanche : 2.
19:20 of 3rd period - Bryan Little wins face-off versus Daniel Briere in neutral zone.
19:32 of 3rd period - Snap shot by Corey Perry.
19:32 of 3rd period - Stopped by Tyler Weiman without a rebound.
19:33 of 3rd period - Mikkel Boedker wins face-off versus Daniel Briere in Nordiques zone.
19:34 of 3rd period - Wrist shot by Bryan Little.
19:34 of 3rd period - Stopped by Tyler Weiman without a rebound.
19:35 of 3rd period - Bryan Little wins face-off versus Daniel Briere in Nordiques zone.
19:42 of 3rd period - Wrist shot by Bryan Little.
19:42 of 3rd period - Shot Misses the Net.
19:44 of 3rd period - Snap shot by Mikkel Boedker.
19:44 of 3rd period - Shot Blocked by Fedor Tyutin.
19:46 of 3rd period - Slapshot by Mikkel Boedker.
19:46 of 3rd period - Stopped by Tyler Weiman without a rebound.
19:47 of 3rd period - Daniel Briere wins face-off versus Cory Emmerton in Nordiques zone.
Goals for this period are 3 for Nordiques vs 1 for Avalanche.
Shots for this period are 16 for Nordiques vs 12 for Avalanche.
Back to the Top